 Dungeon Crawl Stone Soup version 0.31-a0-636-ge1c0e020e0 (webtiles) character file.

Game seed: 17552720498813672075

391 thirtiethelement the Trooper (level 6, -13/34 (48) HPs)
             Began as a Demonspawn Fighter on Aug 27, 2023.
             Was an Initiate of Okawaru.
             Mangled by Menkaure (19 damage)
             ... on level 4 of the Dungeon.
             The game lasted 00:05:26 (2163 turns).

thirtiethelement the Trooper (Demonspawn Fighter)   Turns: 2163, Time: 00:05:27

HP:   -13/34 (48)   AC: 13    Str: 19    XL:     6   Next: 50%
MP:   6/6           EV:  9    Int:  9    God:    Okawaru [......]
Gold: 146           SH:  8    Dex: 12    Spells: 4/5 levels left

rFire   . . .        a - +0 war axe
rCold   . . .        c - +0 buckler
rNeg    . . .        b - +0 scale mail
rPois   +            h - +2 hat
rElec   .            s - +0 cloak
rCorr   .            i - +2 pair of gloves
SInv    .            (no boots)
Will    .....        n - amulet of regeneration Stlth
                     o - ring of poison resistance
HPRegen 1.05/turn    (no ring)
MPRegen 0.20/turn

%: no passive effects
@: very heavily drained
A: large bone plates 1, magic regeneration, demonic magic 1
a: Renounce Religion


You were on level 4 of the Dungeon.
You worshipped Okawaru.
Okawaru was noncommittal.
You visited 1 branch of the dungeon, and saw 4 of its levels.

You collected 146 gold pieces.

Inventory:

Hand Weapons
 a - a +0 war axe (weapon)
Armour
 b - a +0 scale mail (worn)
 c - a +0 buckler (worn)
 h - a +2 hat (worn)
 i - a +2 pair of gloves (worn)
 s - a +0 cloak (worn)
 t - a +0 helmet
Jewellery
 n - an amulet of regeneration (around neck)
 o - a ring of poison resistance (left hand)
Wands
 v - a wand of mindburst (7)
Scrolls
 e - a scroll of fear
 g - 2 scrolls of blinking
 m - a scroll of enchant weapon {unknown}
 q - a scroll of butterflies {unknown}
 r - 3 scrolls of noise {unknown}
 w - a scroll of enchant armour {unknown}
Potions
 d - a potion of might
 f - a potion of attraction
 j - a potion of cancellation
 k - a potion of mutation {unknown}
 l - a potion of invisibility {unknown}
 p - a potion of enlightenment {unknown}
 u - a potion of curing {unknown}


   Skills:
 + Level 4.1 Fighting
 + Level 4.0 Axes
 + Level 3.8 Armour
 + Level 1.1 Dodging
 + Level 3.7 Shields


You had 4 spell levels left.
You knew the following spells:

 Your Spells              Type           Power      Damage    Failure   Level
a - Freeze                Ice            0%         1d3       83%         1

Your spell library contained the following spells:

 Spells                   Type           Power      Damage    Failure   Level
 Wereblood                Tmut           0%         N/A       92%         2
 Irradiate                Conj/Tmut      0%         3d11      100%        5


Dungeon Overview and Level Annotations

Branches:
Dungeon (4/15)
 Temple: D:4-7

Altars:
Dithmenos
Hepliaklqana
Okawaru
Sif Muna
Trog

Annotations:
D:4 Dowan, Duvessa, Menkaure


Innate Abilities, Weirdness & Mutations

You are partially covered in large bone plates. (SH +4)
You regenerate magic rapidly.
Spells you cast may paralyse adjacent enemies.


Message History

You hit the orc.
The orc is severely wounded.
You closely miss the orc priest. The orc closely misses you.
The orc priest looks encouraged for a moment.
You slash the orc!
You kill the orc!
Okawaru accepts your kill.
You barely miss the orc priest. The orc priest barely misses you.
The orc priest hits you but does no damage.
The orc hits you but does no damage.
Menkaure gestures wildly while chanting.
Menkaure seems to speed up.
You hit the orc priest.
The orc priest is moderately wounded.
You hit the orc.
The orc priest calls upon Beogh to heal the orc.
The orc's wounds heal themselves!
You block the orc's attack.
You closely miss the orc priest.
The orc priest is moderately wounded.
You slash the orc!
You kill the orc!
An orc comes into view. It is wielding a +0 flail.
The orc priest closely misses you.
Menkaure calls on the powers of darkness!
The orc priest convulses!
Your body is wracked with pain!
The orc convulses!
You hit the orc priest.
The orc priest is severely wounded.
You hit Menkaure. You block Menkaure's attack.
You block the orc priest's attack.
You slash the orc priest!
You kill the orc priest!
Okawaru accepts your kill.
You slash the orc!
You kill the orc!
Okawaru accepts your kill.
You hit Menkaure. Menkaure hits you!
* * * LOW HITPOINT WARNING * * *
Menkaure hits you!!
Ouch! That really hurt!
You die...

..... .... #..# ####
###
####+###..###..###...
...........#.........
...........#.........
...........'.........
....M......#M).......
...........#@<.......
........l..#.........
......o....#.........
#....###...##+#######
#.... #...# ....
....+ ... #....# ...
#....#


You could see Menkaure (fast).

Vanquished Creatures
  Sigmund (D:2)
  Crazy Yiuf (D:2)
  An orc priest (D:4)
  Jessica (D:2)
  Ijyb (D:3)
  An iguana (D:4)
  3 adders
  4 gnolls
  A white imp (D:3)
  A worm (D:2)
  2 dart slugs
  4 orcs (D:4)
  5 endoplasms
  3 giant cockroaches (D:1)
  6 goblins
  3 hobgoblins
  6 jackals (D:3)
  A kobold (D:1)
  A quokka (D:3)
  3 ball pythons
  3 bats
  5 frilled lizards
  4 rats
61 creatures vanquished.

Notes
Turn   | Place    | Note
-------+----------+-------------------------------------------
     0 | D:1      | thirtiethelement the Demonspawn Fighter began the quest for
                  | the Orb.
     0 | D:1      | Reached XP level 1. HP: 18/18 MP: 1/1
   262 | D:1      | Gained mutation: You are partially covered in large bone
                  | plates. (SH +4) [demonic ancestry]
   262 | D:1      | Reached XP level 2. HP: 23/24 MP: 2/2
   620 | D:2      | Gained mutation: Spells you cast may paralyse adjacent
                  | enemies. [demonic ancestry]
   620 | D:2      | Reached XP level 3. HP: 29/29 MP: 3/3
   742 | D:2      | Noticed Jessica
   758 | D:2      | Killed Jessica
   889 | D:2      | Gained mutation: You regenerate magic rapidly. [demonic
                  | ancestry]
   889 | D:2      | Reached XP level 4. HP: 35/35 MP: 4/4
   929 | D:2      | Noticed Sigmund
  1016 | D:2      | Killed Sigmund
  1017 | D:2      | Reached skill level 1 in Dodging
  1017 | D:2      | Reached XP level 5. HP: 31/42 MP: 5/5
  1268 | D:2      | Found a runed translucent door.
  1269 | D:2      | Noticed Crazy Yiuf
  1275 | D:2      | Killed Crazy Yiuf
  1276 | D:2      | Reached XP level 6. HP: 25/48 MP: 6/6
  1522 | D:3      | Found a shadowy altar of Dithmenos.
  1691 | D:3      | Found a bloodstained altar of Trog.
  1720 | D:3      | Found a shimmering blue altar of Sif Muna.
  1724 | D:3      | Got Sif Muna's Handbook of Congelation
  1727 | D:3      | Learned a level 1 spell: Freeze
  1749 | D:3      | Found a faded altar of an unknown god.
  1792 | D:3      | Noticed Ijyb
  1824 | D:3      | Killed Ijyb
  1928 | D:3      | Found a hazy altar of Hepliaklqana.
  1941 | D:3      | Found an iron altar of Okawaru.
  2100 | D:3      | Became a worshipper of Warmaster Okawaru
  2129 | D:4      | Noticed Duvessa
  2129 | D:4      | Noticed Dowan
  2145 | D:4      | Noticed Menkaure
  2163 | D:4      | Mangled by Menkaure

Illustrated notes

Levels and vault maps discovered:
D:1:      dpeg_arrival_arbitrary_c, layout_basic
D:2:      layout_basic, uniq_sigmund, uniq_crazy_yiuf_cottage, uniq_jessica
D:3:      layout_rooms, nzn_overflow_gifts_of_might_and_magic,
          grunt_dithmenos_smoke_and_mirrors, amethyst_overflow_temple_binary,
          dreamdust_ecumenical_altar_hidden_monk_grotto, chequers_garden,
          uniq_ijyb
D:4:      layout_gridville, uniq_grinder, uniq_duvessa, uniq_menkaure

Skill      XL: |  1  2  3  4  5  6 |
---------------+-------------------+-----
Shields        | 3 |  3.7
Armour         | 3 |  3.8
Axes           | 2 3 4 |  4.0
Dodging        | 1 |  1.1
Fighting       | 4 |  4.1

Action                     |  1- 3 |  4- 6 || total
---------------------------+-------+-------++-------
  Melee: War axe           |    80 |   124 ||   204
   Cast: Freeze            |       |     1 ||     1
    Use: Scroll            |       |     6 ||     6
 Armour: Scale mail        |    34 |    60 ||    94
  Dodge: Dodged            |    36 |    45 ||    81
  Block: Buckler           |    37 |    60 ||    97

Table legend: (Time is in decaauts)
 A = Elapsed time spent in this place.
 B = Non-inter-level travel time spent in this place.
 C = Inter-level travel time spent in this place.
 D = Time resting spent in this place.
 E = Time spent auto-exploring this place.
 F = Levels seen in this place.
 G = Mean time per level.
                   A        B        C        D        E       F      G
               +--------+--------+--------+--------+--------+-----+--------+
         Total |   2249 |   2145 |    104 |     16 |   1527 |   4 |  562.2 |
       Dungeon |   2249 |   2145 |    104 |     16 |   1527 |   4 |  562.2 |
               +--------+--------+--------+--------+--------+-----+--------+

Top non-repeatable levels by time:
     D:2: 864 daAuts
     D:3: 734 daAuts
     D:1: 619 daAuts
     D:4: 31 daAuts
